 Dungeon Crawl Stone Soup version 0.29.1-1-gd02db6906a (webtiles) character file.

Game seed: 6429321535937551762

89 quakins the Cudgeller (level 4, -4/35 HPs)
             Began as a Formicid Abyssal Knight on Oct 17, 2022.
             Was a Believer of Lugonu.
             Slain by Terence
             ... wielding a +0 flail
              (9 damage)
             ... on level 3 of the Dungeon.
             The game lasted 00:04:07 (2796 turns).

quakins the Cudgeller (Formicid Abyssal Knight)     Turns: 2796, Time: 00:04:08

Health: -4/35      AC:  5    Str: 19    XL:     4   Next: 84%
Magic:  5/5        EV: 11    Int: 10    God:    Lugonu [**....]
Gold:   104        SH:  0    Dex: 14    Spells: 3/3 levels left

rFire   . . .      SeeInvis +   a - +1 mace
rCold   . . .      Faith    .   (no shield)
rNeg    . . .      Spirit   .   j - +0 ring mail
rPois   .          Reflect  .   (helmet unavailable)
rElec   .          Harm     .   (no cloak)
rCorr   .          Rampage  .   (no gloves)
Will    .....                   (no boots)
Stlth   +.........              (no amulet)
HPRegen 0.11/turn               (no ring)
MPRegen 0.09/turn               (no ring)

@: no status effects
A: permanent stasis, dig shafts and tunnels, antennae 3, four strong arms
a: Dig, Shaft Self, Renounce Religion, Depart the Abyss, Bend Space


You were on level 3 of the Dungeon.
You worshipped Lugonu.
Lugonu was pleased with you.
You visited 1 branch of the dungeon, and saw 3 of its levels.
You visited the Abyss 1 time.

You collected 104 gold pieces.

Inventory:

Hand Weapons
 a - a +1 mace (weapon)
Missiles
 i - 7 poisoned darts
Armour
 j - a +0 ring mail (worn)
Scrolls
 c - 2 scrolls of teleportation {unknown}
 d - 2 scrolls of magic mapping {unknown}
 e - a scroll of noise {unknown}
 f - 3 scrolls of identify {unknown}
 k - a scroll of fog {unknown}
Potions
 b - a potion of resistance {unknown}
 g - a potion of flight {unknown}
 h - 2 potions of degeneration {unknown}
 l - a potion of heal wounds
 m - 2 potions of might {unknown}


   Skills:
 - Level 3.4 Fighting
 * Level 4.2 Maces & Flails
 - Level 2.4 Armour
 - Level 1.1 Dodging
 - Level 2.4 Invocations


You had 3 spell levels left.
You didn't know any spells.
Your spell library was empty.

Dungeon Overview and Level Annotations

Branches:
Dungeon (3/15)

Altars:

Annotations:
D:3 Terence


Innate Abilities, Weirdness & Mutations

You cannot be hasted, slowed, berserked, paralysed or teleported.
You can dig through walls and to a lower floor.
You have a pair of large antennae on your head. (SInv)
Your four strong arms can wield two-handed weapons with a shield.


Message History

Terence is moderately wounded.
Terence hits you with a +0 flail.
You hit Terence.
Terence is heavily wounded.
Terence drinks a potion.
Terence is healed!
You hit Terence.
Terence is lightly wounded.
Terence completely misses you.
An endoplasm comes into view.
Terence closely misses you.
You hit Terence.
Terence is moderately wounded.
Terence hits you with a +0 flail.
You barely miss Terence.
Terence is moderately wounded.
Terence closely misses you.
You hit Terence but do no damage. Your punch misses Terence.
Terence is moderately wounded.
Terence hits you with a +0 flail.
You barely miss Terence.
Terence is moderately wounded.
The endoplasm closely misses you. Terence hits you with a +0 flail!
* * * LOW HITPOINT WARNING * * *
You hit Terence but do no damage.
Terence is moderately wounded.
Terence closely misses you. The endoplasm barely misses you.
Terence hits you with a +0 flail.
* * * LOW HITPOINT WARNING * * *
The endoplasm hits you but does no damage.
You hit Terence.
Terence is severely wounded.
The endoplasm freezes you.
You are frozen.
* * * LOW HITPOINT WARNING * * *
Terence barely misses you.
You hit Terence but do no damage.
Terence is severely wounded.
The endoplasm hits you but does no damage.
Terence hits you with a +0 flail!
You die...

... .. .. ##. .. ..# #..
.. .. #####.# #.## #.# #
.##...J@# #..#####....##
.......@####.##....#.#..
........................
##.######...........#
###.......<...#
.>.............#
..####....†.....#
#............#
...#.........)#
####..........#


You could see Terence and an endoplasm.

Vanquished Creatures
  5 adders
  A dart slug (D:1)
  3 bats
  2 endoplasms (D:1)
  2 giant cockroaches (D:2)
  5 goblins
  2 hobgoblins
  3 jackals (D:1)
  2 quokkas (D:1)
  4 ball pythons
  4 frilled lizards
  6 kobolds
  4 rats
43 creatures vanquished.

Vanquished Creatures (others)
  12 plants (D:2)
12 creatures vanquished.

Grand Total: 55 creatures vanquished

Notes
Turn   | Place    | Note
-------+----------+-------------------------------------------
     0 | Abyss:1  | quakins the Formicid Abyssal Knight began the quest for the
                  | Orb.
     0 | Abyss:1  | Reached XP level 1. HP: 18/18 MP: 2/2
   127 | Abyss:1  | Noticed a sky beast
   137 | D:1      | Escaped the Abyss
   286 | D:1      | Reached skill level 1 in Dodging
   291 | D:1      | Reached XP level 2. HP: 15/24 MP: 3/3
   986 | D:1      | Reached XP level 3. HP: 21/29 MP: 4/4
  1457 | D:2      | Reached skill level 3 in Maces & Flails
  1779 | D:2      | Reached XP level 4. HP: 21/35 MP: 5/5
  2539 | D:3      | Noticed a black bear
  2559 | D:2      | Reached skill level 4 in Maces & Flails
  2784 | D:3      | Noticed Terence
  2796 | D:3      | Slain by Terence

Illustrated notes

Levels and vault maps discovered:
D:1:      moated_graveyard_arrival, layout_loops_ring, columned_hall_lemuel,
          serial_bayou_pond_e, chequers_arboretum
D:2:      layout_loops_ring, serial_bayou_lagoon_b
D:3:      layout_rooms, lemuel_doored_altar, minmay_fractal_squares_diagonal_5,
          uniq_terence

Skill      XL: |  1  2  3  4 |
---------------+-------------+-----
Dodging        | 1 |  1.1
Maces & Flails | 3 4 |  4.2
Fighting       | |  3.4
Armour         | |  2.4
Invocations    | |  2.4

Action                   |  1- 3 |  4- 6 || total
-------------------------+-------+-------++-------
Melee: Mace              |    85 |    63 ||   148
       Punch             |     1 |       ||     1
Invok: Depart the Abyss  |     1 |       ||     1
 Stab: Sleeping          |     2 |       ||     2
Armor: Leather armour    |    23 |       ||    23
       Ring mail         |    12 |    28 ||    40
Dodge: Dodged            |    46 |    60 ||   106
